[Event "Team 45 45 League T24"]
[Site "Internet Chess Club"]
[Date "2004.09.25"]
[Round "3"]
[White "gartman"]
[Black "az2112"]
[Result "0-1"]
[WhiteElo "1749"]
[BlackElo "1731"]
[TimeControl "2700+45"]

1. e4 d6 2. d4 Nf6 3. Nc3 g6 4. Be3 Bg7 5. Qd2 Ng4 6. Bg5 h6 7. Bh4 c6 8. O-O-O
Nd7 9. f4 Qc7 10. Nf3 b5 11. h3 Ngf6 12. e5 dxe5 13. fxe5 b4 14. Ne2 Nd5 15. Nf4
N7b6 16. Bd3 Nxf4 17. Qxf4 Nd5 18. Qd2 a5 19. Rhf1 O-O 20. g4 Ba6 21. Bg3 e6 22.
h4 c5 23. h5 g5 24. Nxg5 Bxd3 25. Qxd3 hxg5 26. Rh1 Bh6 27. Rdf1 Rac8 28. Rh2
cxd4 29. Rhf2 Ne3 30. Re1 Nxg4 31. Rf3 Ne3 32. Re2 g4 33. Rf4 Qc4 34. Qe4 Bxf4
35. Qxf4 Qxe2 36. Qg5+ Kh7 {White resigns} 0-1

[Event "Team 45 45 League T24"]
[Site "Internet Chess Club"]
[Date "2004.09.25"]
[Round "3"]
[White "Sota"]
[Black "PostMike"]
[Result "1/2-1/2"]
[WhiteElo "1689"]
[BlackElo "1587"]
[TimeControl "2700+45"]

1. d4 Nf6 2. c4 e6 3. Nf3 b6 4. Nc3 Bb7 5. Bg5 Be7 6. e3 O-O 7. Bd3 d6 8. O-O
Nbd7 9. Re1 c5 10. Rc1 h6 11. Bh4 Nh7 12. Bxe7 Qxe7 13. d5 Ng5 14. e4 Nxf3+ 15.
Qxf3 Ne5 16. Qe2 Rae8 17. Bb1 Ng6 18. Rcd1 e5 19. g3 Bc8 20. Qe3 Bh3 21. Bd3 Qd7
22. Bf1 Bxf1 23. Rxf1 f5 24. exf5 Qxf5 25. Qe4 Ne7 26. Rde1 Qh3 27. Qg2 Qxg2+
28. Kxg2 Nf5 29. Ne4 {Game drawn by mutual agreement} 1/2-1/2

[Event "Team 45 45 League T24"]
[Site "Internet Chess Club"]
[Date "2004.09.25"]
[Round "3"]
[White "Bookkeeper"]
[Black "GadsHill"]
[Result "1-0"]
[WhiteElo "1482"]
[BlackElo "1563"]
[TimeControl "2700+45"]

1. d4 d6 2. Nf3 Nf6 3. e3 Nbd7 4. Bd3 e5 5. dxe5 dxe5 6. Nbd2 Bc5 7. O-O O-O 8.
b3 Re8 9. e4 c6 10. Bb2 Qc7 11. Re1 a6 12. a4 b6 13. Nc4 Bb7 14. Nh4 b5 15. axb5
axb5 16. Nd2 Rxa1 17. Bxa1 Nf8 18. c4 bxc4 19. Bxc4 Ne6 20. Qc2 Bd4 21. Nf5 Bxa1
22. Rxa1 Nd4 23. Nxd4 exd4 24. f3 Ra8 25. Rxa8+ Bxa8 26. b4 Qb6 27. Qa2 Qb7 28.
Nb3 c5 29. Nxc5 Qc8 30. Bxf7+ Kf8 31. Be6 Qd8 32. Qa7 d3 33. Qf7# {Black
checkmated} 1-0

[Event "Team 45 45 League T24"]
[Site "Internet Chess Club"]
[Date "2004.09.27"]
[Round "3"]
[White "rgadoury"]
[Black "Eatfatty"]
[Result "1/2-1/2"]
[WhiteElo "1427"]
[BlackElo "1493"]
[TimeControl "2700+45"]

1. d4 d5 2. c4 e6 3. Nf3 Nf6 4. a3 Be7 5. e3 O-O 6. Nc3 Nbd7 7. Be2 dxc4 8. Bxc4
b6 9. O-O Bb7 10. b4 a5 11. b5 c5 12. Re1 Qc7 13. h3 Bxf3 14. Qxf3 cxd4 15. Qc6
Rac8 16. Ne2 Qxc6 17. bxc6 Rxc6 18. Bb5 Rc5 19. Bxd7 Nxd7 20. Nxd4 Rfc8 21. Ne2
a4 22. Rb1 Rb8 23. Bd2 Rd5 24. Bb4 Bxb4 25. Rxb4 b5 26. Nd4 Ne5 27. Reb1 Nd3 28.
Rxb5 Rdxb5 29. Rxb5 Rxb5 30. Nxb5 {Game drawn by mutual agreement} 1/2-1/2

[Event "Team 45 45 League T24"]
[Site "Internet Chess Club"]
[Date "2004.09.27"]
[Round "3"]
[White "jks2000"]
[Black "doobedoo"]
[Result "0-1"]
[WhiteElo "1610"]
[BlackElo "1777"]
[TimeControl "2700+45"]

1. c4 b6 2. g3 Bb7 3. Nf3 e6 4. Bg2 Nf6 5. Nc3 Be7 6. O-O O-O 7. d4 d5 8. Ne5
Ne4 9. Qc2 Nxc3 10. Qxc3 c5 11. Be3 f6 12. Nd3 cxd4 13. Qxd4 Nc6 14. Qc3 d4 15.
Bxd4 Nxd4 16. Nf4 Bxg2 17. Kxg2 Qd6 18. Rfd1 Qc6+ 19. f3 Nf5 20. e4 Nh6 21. Rd3
Rad8 22. Rad1 Rxd3 23. Rxd3 Nf7 24. Rd2 Ne5 25. Rc2 a5 26. a3 Kf7 27. b4 axb4
28. axb4 Rc8 29. c5 bxc5 30. bxc5 Qb5 31. Rb2 Qxc5 32. Qb3 Qc4 33. Qb6 Rc6 34.
Qb7 Qc3 35. Rb3 Qc2+ 36. Kh3 Qc4 37. Kg2 g5 38. Nh3 Qe2+ 39. Nf2 Rc1 40. Qb5 Qe1
41. Rb2 Nc4 42. Kh3 h5 {White resigns} 0-1

[Event "Team 45 45 League T24"]
[Site "Internet Chess Club"]
[Date "2004.09.26"]
[Round "3"]
[White "Pick"]
[Black "MythicLegend"]
[Result "0-1"]
[WhiteElo "1693"]
[BlackElo "1566"]
[TimeControl "2700+45"]

1. d4 d5 2. Nf3 Nc6 3. e3 Bg4 4. h3 Bh5 5. g4 Bg6 6. Ne5 Nxe5 7. dxe5 e6 8. h4
f6 9. h5 Bf7 10. f4 c6 11. Nc3 Bc5 12. Bd2 fxe5 13. fxe5 Qg5 14. Qf3 Qxe5 15.
O-O-O Nf6 16. Bd3 Rf8 17. Rhe1 Nxh5 18. Qh3 Nf6 19. e4 dxe4 20. Nxe4 Ba3 21. Bc3
Qf4+ 22. Qe3 Qxe3+ 23. Rxe3 Nd5 24. Rf3 Nxc3 25. Nxc3 Be7 26. Rdf1 Bg8 27. Kb1
O-O-O 28. a3 Rxf3 29. Rxf3 Rf8 30. Rxf8+ Bxf8 31. g5 g6 32. Ne4 Be7 33. Nf6 Bxf6
34. gxf6 Kd7 35. b4 Ke8 36. b5 c5 37. Be4 b6 38. Kc1 Kf7 39. Kd2 Kxf6 40. Ke3 e5
41. Bc6 h5 42. Kf3 g5 43. Kg3 Bh7 44. c3 e4 45. Kf2 h4 46. Bb7 h3 47. Kg3 e3 48.
Bf3 Bf5 49. Be2 Ke5 50. Bf3 g4 51. Be2 Ke4 52. Bf1 Be6 53. Be2 Kd5 54. a4 Ke4
55. c4 Kd4 56. Kh2 Kc3 57. Kg3 Kd2 {White resigns} 0-1

[Event "Team 45 45 League T24"]
[Site "Internet Chess Club"]
[Date "2004.09.26"]
[Round "3"]
[White "ebattousai"]
[Black "Ciclamino"]
[Result "1/2-1/2"]
[WhiteElo "1601"]
[BlackElo "1585"]
[TimeControl "2700+45"]

1. e4 c6 2. d4 d5 3. exd5 cxd5 4. c4 e6 5. Nc3 Nf6 6. Nf3 Nc6 7. a3 Be7 8. c5
O-O 9. Bd3 b6 10. b4 bxc5 11. dxc5 Qc7 12. O-O Bb7 13. b5 Ne5 14. c6 Rad8 15.
Nxe5 Qxe5 16. Qc2 Bd6 17. f4 Qd4+ 18. Kh1 Rc8 19. Bb2 Qb6 20. cxb7 Qxb7 21. Qe2
Qb8 22. Qf3 Rc5 23. a4 Rfc8 24. Ne2 e5 25. fxe5 Bxe5 26. Bxe5 Qxe5 27. Rac1 Rxc1
28. Nxc1 Qa1 29. Qd1 Ne4 30. Bxe4 dxe4 31. Qd7 Qxc1 32. Qxf7+ Kh8 33. Kg1 Qe3+
34. Qf2 Qxf2+ 35. Rxf2 e3 36. Rf1 Kg8 37. Re1 Re8 38. Kf1 Re4 39. Ra1 e2+ 40.
Ke1 Kf7 41. a5 Re5 42. Rb1 Ke7 43. b6 axb6 44. axb6 Rf5 45. Kxe2 Rf8 46. Rc1 Kd6
47. Rc7 Rb8 48. Rxg7 Rxb6 49. Rxh7 Rb2+ 50. Kf3 Rb3+ 51. Kf4 Rb4+ 52. Kf5 Rb2
53. g4 Rf2+ 54. Kg5 Ke6 55. Rh6+ Ke7 56. h4 Ra2 57. Kh5 Ra5+ 58. g5 Kf7 59. Rf6+
Kg7 60. Kg4 Ra4+ 61. Rf4 Ra1 62. h5 Rg1+ 63. Kf5 Ra1 64. Rg4 Ra5+ 65. Ke6 Ra6+
66. Kd7 Ra7+ 67. Kc6 Ra8 68. Kb7 Rh8 69. h6+ Kg6 70. Kc7 Rf8 71. Kd6 Kf5 72. Rg1
Kg6 73. Ke7 Ra8 74. Ke6 Ra6+ 75. Ke5 Ra5+ 76. Kf4 Ra4+ 77. Ke3 Ra3+ 78. Kd4 Ra4+
79. Kc3 Rf4 80. Kd3 Rf8 81. Ke2 Ra8 82. Rg3 Ra2+ 83. Kf3 Ra3+ 84. Kg2 Ra2+ 85.
Kh3 Ra4 86. Rg4 Ra1 87. Rg3 Ra4 {Game drawn by mutual agreement} 1/2-1/2

[Event "Team 45 45 League T24"]
[Site "Internet Chess Club"]
[Date "2004.09.26"]
[Round "3"]
[White "SeniorCitizen"]
[Black "Gomer"]
[Result "1-0"]
[WhiteElo "1445"]
[BlackElo "1370"]
[TimeControl "2700+45"]

1. d4 Nf6 2. Nf3 d5 3. c4 dxc4 4. Qa4+ Nc6 5. Ne5 Qd5 6. e3 Bd7 7. Qxc4 Qxc4 8.
Bxc4 Nxe5 9. dxe5 Ng4 10. e6 Bxe6 11. Bxe6 fxe6 12. O-O O-O-O 13. Bd2 g6 14. Bc3
Rg8 15. h3 Nf6 16. Bd4 Bg7 17. Nc3 Nd5 18. Bxg7 Rxg7 19. Nxd5 exd5 20. Rad1 e6
21. Rd2 Rgd7 22. Rfd1 e5 23. Kf1 d4 24. exd4 exd4 25. Rd3 c5 26. b3 b5 27. Ke2
c4 28. bxc4 bxc4 29. Ra3 Rc7 30. Kd2 c3+ 31. Kd3 c2 32. Rc1 Rc3+ 33. Rxc3+ dxc3+
34. Kxc2 Rd2+ 35. Kb3 c2 36. Rxc2+ Rxc2 37. Kxc2 Kc7 38. Kc3 Kc6 39. Kc4 Kd7 40.
Kd5 Ke7 41. Ke5 Kf7 42. f4 a5 43. a4 h6 44. h4 h5 45. g3 Ke7 46. f5 gxf5 47.
Kxf5 {Black resigns} 1-0

[Event "Team 45 45 League T24"]
[Site "Internet Chess Club"]
[Date "2004.09.26"]
[Round "3"]
[White "littleboo"]
[Black "POOKE"]
[Result "0-1"]
[WhiteElo "1233"]
[BlackElo "1335"]
[TimeControl "2700+45"]

1. e4 e5 2. Nf3 Nc6 3. Nc3 Bc5 4. Bc4 h6 5. O-O Nf6 6. d3 O-O 7. Bd2 Bd4 8. Nxd4
exd4 9. Nd5 Ne5 10. Nxf6+ Qxf6 11. Bb4 d6 12. Bd5 Rb8 13. f4 Ng4 14. h3 Ne3 15.
Bxf7+ Rxf7 16. e5 Qg6 17. Qd2 Nxf1 18. Rxf1 Bxh3 19. exd6 cxd6 20. Bxd6 Qxd6 21.
gxh3 Rbf8 22. Qg2 Rxf4 23. Rxf4 Qxf4 24. Qxb7 Qe3+ 25. Kg2 Rf2+ 26. Kh1 Qe1#
{White checkmated} 0-1

[Event "Team 45 45 League T24"]
[Site "Internet Chess Club"]
[Date "2004.09.27"]
[Round "3"]
[White "SandiaCaveMan"]
[Black "gk999"]
[Result "1-0"]
[WhiteElo "1271"]
[BlackElo "1215"]
[TimeControl "2700+45"]

1. d4 d5 2. Nf3 Nc6 3. c3 h6 4. Nbd2 b5 5. e3 a6 6. Bd3 g6 7. O-O h5 8. e4 Be6
9. e5 Nh6 10. Ng5 Bf5 11. Bxf5 Nxf5 12. Ndf3 e6 13. Re1 Qd7 14. b4 Qe7 15. Bd2
Bg7 16. Qc1 f6 17. exf6 Qxf6 18. Rxe6+ Nce7 19. Rxf6 Bxf6 20. Ne6 Kd7 21. Qe1
Ng7 22. Nc5+ Kc8 23. Bg5 Bxg5 24. Nxg5 Ngf5 25. Qe6+ Kb8 26. Nxa6+ Kb7 27. Nc5+
Kb8 28. Qe2 c6 29. Qe5+ Ka7 30. Qc7# {Black checkmated} 1-0

[Event "Team 45 45 League T24"]
[Site "Internet Chess Club"]
[Date "2004.09.26"]
[Round "3"]
[White "Gaffeltruck"]
[Black "WannaB"]
[Result "0-1"]
[WhiteElo "1143"]
[BlackElo "1157"]
[TimeControl "2700+45"]

1. e4 c5 2. d3 d6 3. h3 Nf6 4. b3 e5 5. Bg5 Be7 6. Bxf6 Bxf6 7. g3 Nc6 8. Bg2
O-O 9. Nf3 Re8 10. Nbd2 b5 11. O-O Bg5 12. Nxg5 Qxg5 13. Nf3 Qd8 14. Nd2 Be6 15.
Qc1 Nd4 16. Re1 a5 17. c3 Nc6 18. Nf3 b4 19. c4 a4 20. Ng5 Bd7 21. Nf3 axb3 22.
axb3 Rxa1 23. Qxa1 Qa8 24. Qxa8 Rxa8 25. Nd2 Nd4 26. Kh2 Ra3 27. Rb1 Ra2 28. Nf3
Nxf3+ 29. Bxf3 Rxf2+ 30. Kg1 Rxf3 31. Kg2 Rxd3 32. Ra1 g6 33. Ra8+ Kg7 34. Ra7
Bc6 35. h4 Bxe4+ 36. Kh3 Rxb3 37. Rd7 Rd3 38. Re7 Kf6 39. Ra7 Rd4 40. Ra1 Rxc4
41. Rf1+ Bf5+ 42. Kh2 b3 43. Rd1 Rc2+ 44. Kg1 Ke6 {White resigns} 0-1

[Event "Team 45 45 League T24"]
[Site "Internet Chess Club"]
[Date "2004.09.26"]
[Round "3"]
[White "fuzzface"]
[Black "allanmckie"]
[Result "1-0"]
[WhiteElo "1351"]
[BlackElo "1163"]
[TimeControl "2700+45"]

1. e4 e5 2. Nf3 Nc6 3. Bb5 Nf6 4. d3 Bc5 5. Nc3 d6 6. Bg5 Be6 7. O-O h6 8. Bxf6
Qxf6 9. Nd5 Bxd5 10. exd5 a6 11. dxc6 axb5 12. cxb7 Rb8 13. Qe2 Rxb7 14. Qe4 Rb8
15. Qc6+ Kf8 16. Qxc7 Re8 17. a3 e4 18. dxe4 Rxe4 19. Qb8+ Re8 20. Qxb5 Ba7 21.
Rae1 Rxe1 22. Rxe1 Qd8 23. Qb7 Bc5 24. b4 Bb6 25. c4 Kg8 26. Qc6 Kh7 27. h3 Qb8
28. c5 dxc5 29. bxc5 Bc7 30. Qe4+ g6 31. Qe7 Rf8 32. Qe4 Qa7 33. Qc6 Rc8 34. Qf6
Bd8 35. Qd6 Qxa3 36. Qf8 Qa6 37. Qxf7+ Kh8 38. Re8# {Black checkmated} 1-0

[Event "Team 45 45 League T24"]
[Site "Internet Chess Club"]
[Date "2004.09.24"]
[Round "3"]
[White "Kurtosis"]
[Black "klt713"]
[Result "0-1"]
[WhiteElo "1287"]
[BlackElo "1249"]
[TimeControl "2700+45"]

1. d4 d5 2. Nf3 Nc6 3. e3 e6 4. Nbd2 a6 5. Bd3 Nf6 6. O-O Bd6 7. c3 e5 8. dxe5
Nxe5 9. Nxe5 Bxe5 10. Re1 O-O 11. Qc2 c6 12. e4 Qc7 13. g3 Re8 14. exd5 cxd5 15.
Nf3 Bd7 16. Nxe5 Rxe5 17. Bf4 Rxe1+ 18. Rxe1 Qc6 19. Bf5 Re8 20. Rxe8+ Bxe8 21.
Qd3 Bd7 22. Bxd7 Qxd7 23. f3 Qe6 24. Qe3 h6 25. Qxe6 fxe6 26. Be5 b5 27. Kf2 Nd7
28. Bd6 e5 29. Ke3 Kf7 30. Bb4 Nb6 31. b3 d4+ 32. cxd4 Nd5+ 33. Ke4 Nxb4 34.
Kxe5 Ke7 35. d5 Kd7 36. a3 Nd3+ 37. Ke4 Nc1 38. b4 Kd6 39. h4 Nb3 40. f4 a5 41.
g4 Nd2+ 42. Kd3 Nc4 43. Kd4 a4 44. g5 Nxa3 45. gxh6 gxh6 46. f5 Nc2+ 47. Kc3 Ne3
48. f6 Nxd5+ 49. Kd4 Nxf6 50. Kc3 Ke5 51. Kd3 Kf4 {White resigns} 0-1

[Event "Team 45 45 League T24"]
[Site "Internet Chess Club"]
[Date "2004.09.28"]
[Round "3"]
[White "ffplayer"]
[Black "DayDream01"]
[Result "1/2-1/2"]
[WhiteElo "1071"]
[BlackElo "1077"]
[TimeControl "2700+45"]

1. d4 d5 2. c4 Nf6 3. Bg5 e6 4. Nc3 dxc4 5. e3 h6 6. Bxf6 Qxf6 7. Bxc4 Bd6 8.
Nf3 Nc6 9. Bb5 Bd7 10. a3 e5 11. Nd5 Qd8 12. Bxc6 Bxc6 13. Nb4 Bxf3 14. Qxf3 c6
15. O-O-O O-O 16. dxe5 Qg5 17. exd6 Qc5+ 18. Nc2 Rad8 19. d7 f6 20. b4 Qc3 21.
Qf5 Rf7 22. Rd3 Qc4 23. Rhd1 Re7 24. R1d2 Re5 25. Qh3 c5 26. Kd1 cxb4 27. axb4
b6 28. f4 Re4 29. Rd4 Qf1+ 30. Ne1 Rxd4 31. Rxd4 Qa6 32. Qe6+ Kh7 33. Rd3 Qa1+
34. Ke2 Qb2+ 35. Rd2 Qxb4 36. Nd3 Qb5 37. Qe4+ Kh8 38. Qe7 Rxd7 39. Qe8+ Kh7 40.
Qe4+ Kh8 41. Kf3 Qh5+ 42. Kf2 Qxh2 43. Qe8+ Kh7 44. Qxd7 Qh4+ 45. g3 Qh2+ 46.
Kf3 Qxd2 47. Qf5+ Kh8 48. Qc8+ Kh7 49. Qf5+ Kh8 50. Qc8+ Kh7 51. Qf5+ {Game
drawn by repetition} 1/2-1/2

[Event "Team 45 45 League T24"]
[Site "Internet Chess Club"]
[Date "2004.09.28"]
[Round "3"]
[White "Turnedone"]
[Black "Amauta"]
[Result "0-1"]
[WhiteElo "2187"]
[BlackElo "1949"]
[TimeControl "2700+45"]

1. Nf3 d5 2. g3 Nf6 3. Bg2 e6 4. O-O Be7 5. c4 O-O 6. Re1 dxc4 7. Ne5 Qd4 8. Nf3
Qc5 9. b3 Nc6 10. Ba3 Nb4 11. Nc3 Qa5 12. Bb2 cxb3 13. Qxb3 Nbd5 14. e4 Nb4 15.
Ba3 c5 16. d4 c4 17. Qxc4 Qxa3 18. Nb5 Qd3 19. Qxd3 Nxd3 20. Re3 Nb4 21. Ne5 Nc2
{White resigns} 0-1

[Event "Team 45 45 League T24"]
[Site "Internet Chess Club"]
[Date "2004.09.25"]
[Round "3"]
[White "siddhu"]
[Black "camembert"]
[Result "0-1"]
[WhiteElo "1886"]
[BlackElo "1880"]
[TimeControl "2700+45"]

1. e4 e6 2. d4 d5 3. exd5 exd5 4. Nf3 Bd6 5. c4 dxc4 6. Bxc4 Ne7 7. O-O O-O 8.
Ne5 Nbc6 9. Nxf7 Rxf7 10. Bxf7+ Kxf7 11. Bg5 Nxd4 12. Bxe7 Bxe7 13. Nd2 Bf5 14.
Nc4 Kg8 15. Ne3 Bg6 16. Qa4 c5 17. Qc4+ Bf7 18. Qd3 Nf3+ {White resigns} 0-1

[Event "Team 45 45 League T24"]
[Site "Internet Chess Club"]
[Date "2004.09.25"]
[Round "3"]
[White "jmoffitt"]
[Black "matemachine"]
[Result "1-0"]
[WhiteElo "1714"]
[BlackElo "1718"]
[TimeControl "2700+45"]

1. e4 c5 2. Nf3 Nc6 3. d4 cxd4 4. Nxd4 Nf6 5. Nc3 e5 6. Ndb5 d6 7. Bg5 a6 8.
Bxf6 gxf6 9. Na3 b5 10. Nd5 f5 11. Bd3 fxe4 12. Bxe4 Bd7 13. c3 Rb8 14. Qf3 Bg7
15. O-O b4 16. Nc4 bxc3 17. Nxd6+ {Black resigns} 1-0

[Event "Team 45 45 League T24"]
[Site "Internet Chess Club"]
[Date "2004.09.26"]
[Round "3"]
[White "trevor21"]
[Black "Poet-Laureate"]
[Result "1-0"]
[WhiteElo "2198"]
[BlackElo "1896"]
[TimeControl "2700+45"]

1. d4 c6 2. c4 d5 3. Nc3 h6 4. cxd5 cxd5 5. Bf4 Nc6 6. e3 Nf6 7. Bd3 a6 8. Nge2
Nb4 9. Bb1 Bg4 10. f3 Bd7 11. e4 dxe4 12. fxe4 e6 13. O-O Be7 14. Ng3 Qa5 15.
Kh1 Bb5 16. Rf2 Rd8 17. e5 Nfd5 18. Nh5 g6 19. Ng3 Nxc3 20. bxc3 Nd5 21. Bd2 Bc4
22. Ne4 Ba3 23. Qf3 Rd7 24. Nf6+ Nxf6 25. Qxf6 Rh7 26. Be4 Be7 27. Qf3 Bd5 28.
Bxd5 Qxd5 29. Qxd5 Rxd5 30. Be3 Rd7 31. c4 Bg5 32. Bxg5 hxg5 33. Rd2 Rh4 34.
Rad1 b6 35. g3 Re4 36. Kg2 Re3 37. Kf2 Rc3 38. d5 Rxc4 39. dxe6 Rxd2+ 40. Rxd2
fxe6 41. Rd6 Ke7 42. Rxb6 Rc2+ 43. Kf3 Rxa2 44. Kg4 Ra5 45. Rb7+ Kf8 46. Kxg5
Rxe5+ 47. Kf6 Rf5+ 48. Kxg6 Ra5 49. h4 e5 50. h5 Ra3 51. g4 Rc3 52. Rb8+ Ke7 53.
h6 Rc6+ 54. Kg7 Rc4 55. g5 Rg4 56. g6 Ke6 57. h7 Kf5 58. Rb6 Rh4 59. h8=Q Rxh8
60. Kxh8 e4 61. g7 Kf4 62. g8=Q e3 63. Rxa6 Kf3 64. Qf7+ Ke2 65. Ra2+ Ke1 66.
Qf3 {Black resigns} 1-0

[Event "Team 45 45 League T24"]
[Site "Internet Chess Club"]
[Date "2004.09.26"]
[Round "3"]
[White "DidntSeeIt"]
[Black "nursey"]
[Result "1-0"]
[WhiteElo "1749"]
[BlackElo "1699"]
[TimeControl "2700+45"]

1. e4 e5 2. Nf3 Nc6 3. Bb5 a6 4. Bc4 Nf6 5. Ng5 d5 6. exd5 Nxd5 7. Qh5 g6 8. Qf3
Qxg5 9. Bxd5 Nd8 10. Nc3 f5 11. d3 Qf6 12. Bd2 c6 13. Bb3 Be6 14. O-O Bxb3 15.
axb3 Bg7 16. Na4 b5 17. Nc5 Qe7 18. Nxa6 Ra7 19. Be3 Rd7 20. Nb8 e4 21. dxe4
fxe4 22. Qg4 Rb7 23. Na6 Bxb2 24. Rad1 Bf6 25. Nc5 Rc7 26. Nxe4 Nf7 27. Nxf6+
Qxf6 28. Bd4 Ne5 29. Bxe5 Qxe5 30. Rfe1 Re7 31. Rxe5 Rxe5 32. Qc8+ {Black
resigns} 1-0

[Event "Team 45 45 League T24"]
[Site "Internet Chess Club"]
[Date "2004.09.25"]
[Round "3"]
[White "GameMaster"]
[Black "SkatingBishop"]
[Result "0-1"]
[WhiteElo "1687"]
[BlackElo "1697"]
[TimeControl "2700+45"]

1. d4 Nf6 2. c4 g6 3. Nc3 Bg7 4. Nf3 d6 5. Bd2 O-O 6. e3 Nbd7 7. Be2 e5 8. dxe5
dxe5 9. Qc2 Re8 10. Ng5 Nc5 11. b4 Ne6 12. Nxe6 Bxe6 13. O-O Qe7 14. a3 e4 15.
Rad1 Bf5 16. c5 c6 17. Nb1 Nd5 18. Bc1 Qg5 19. g3 Bh3 20. Rfe1 Qf6 21. Bf1 Bg4
22. Be2 Bf3 23. Rd2 Qe6 24. Bb2 Bh6 25. Nc3 Nxe3 26. Nxe4 Bxe4 27. Qc3 Qe5 28.
Qxe3 Bxe3 29. Bxe5 Bxd2 30. Rd1 Rad8 31. Bd6 Bc3 32. Bc4 Be5 33. f4 Bxd6 34.
cxd6 Bf3 35. Rd3 Be2 36. d7 Re7 {White resigns} 0-1

[Event "Team 45 45 League T24"]
[Site "Internet Chess Club"]
[Date "2004.09.25"]
[Round "3"]
[White "mrmarck"]
[Black "clarinetref"]
[Result "1-0"]
[WhiteElo "1378"]
[BlackElo "1449"]
[TimeControl "2700+45"]

1. d4 Nf6 2. Nf3 e6 3. e3 b6 4. Be2 Bb4+ 5. c3 Be7 6. O-O O-O 7. Re1 c5 8. Nbd2
Bb7 9. Bd3 d5 10. Qc2 c4 11. Be2 Qc7 12. Ne5 Nbd7 13. Ndf3 Bd6 14. Nxd7 Qxd7 15.
Bf1 Ne4 16. Ne5 Qc7 17. f3 Nf6 18. f4 Ne4 19. g3 f6 20. Ng4 Rae8 21. Bg2 e5 22.
Rf1 exf4 23. exf4 b5 24. a3 a5 25. Bd2 b4 26. axb4 axb4 27. cxb4 Qb6 28. Nf2
Qxd4 29. Bc3 Qb6 30. Rad1 Bxb4 31. Bxb4 Qxb4 32. Nxe4 dxe4 33. Rd4 Qc5 34. Rd1
f5 35. Kf1 Ba6 36. Qc3 Rb8 37. Rd5 Qc6 38. Rd7 Qf6 39. Qxf6 Rxf6 40. Ke1 Rxb2
41. Rd8+ Rf8 42. Rxf8+ Kxf8 43. Bf1 Bb5 44. Rc1 Rb4 45. Kd2 Rb3 46. Rc3 Rb2+ 47.
Ke3 Rxh2 48. Bxc4 Bxc4 49. Rxc4 Rh3 50. Rc8+ Kf7 51. Rc7+ Kf6 52. Rc6+ Ke7 53.
Rc7+ Kd6 54. Rxg7 h5 55. Kf2 Kd5 56. Rg5 Rh2+ 57. Ke3 Ke6 58. Rg6+ Kd5 59. Rg5
Rb2 60. Rxf5+ Kc4 61. Rxh5 Rb3+ 62. Kxe4 Rxg3 63. Rg5 Rd3 64. Kf5 Rd5+ 65. Ke6
Rd8 66. f5 Kc5 67. f6+ Kc6 68. Rg7 Rd6+ 69. Kf5 Rd5+ 70. Kg6 Rd6 71. Re7 Kd5 72.
Kg7 Rxf6 73. Kxf6 Kd4 74. Re5 Kc4 75. Ke6 Kd4 76. Kd6 Kc4 77. Rd5 Kc3 78. Kc5
Kb3 79. Rd4 Kc3 80. Rd5 Kb3 81. Kb6 Kc3 82. Kb5 Kb3 83. Rd4 Kc3 84. Kc5 Kb3 85.
Rc4 Ka3 86. Rb4 Ka2 87. Kc4 Ka3 88. Kc3 Ka2 89. Rb3 Ka1 90. Ra3+ Kb1 91. Rb3+
Ka1 92. Kc2 Ka2 93. Rb8 Ka3 94. Kc3 Ka4 95. Kb2 Ka5 96. Kb3 Ka6 97. Kc4 Ka7 98.
Rb5 Ka6 99. Kc5 Ka7 100. Kc6 Ka6 101. Kc5 Ka7 102. Rb6 Ka8 103. Kd6 Ka7 104. Kc7
Ka8 105. Ra6# {Black checkmated} 1-0

[Event "Team 45 45 League T24"]
[Site "Internet Chess Club"]
[Date "2004.09.25"]
[Round "3"]
[White "jientho"]
[Black "Colonel-Klutz"]
[Result "1-0"]
[WhiteElo "1392"]
[BlackElo "1349"]
[TimeControl "2700+45"]

1. e4 e5 2. Nf3 Nc6 3. Bc4 h6 4. d4 d6 5. dxe5 Bg4 6. Qd5 Be6 7. Qb5 Rb8 8. Bxe6
fxe6 9. exd6 Qxd6 10. Qh5+ Ke7 11. O-O Nf6 12. Qg6 Rd8 13. Nc3 Ne5 14. Qg3 Nxf3+
15. Qxf3 c6 16. Rd1 Qc7 17. Bf4 Qb6 18. Be5 Rxd1+ 19. Rxd1 Qxb2 20. Nd5+ cxd5
21. Bxb2 dxe4 22. Bxf6+ gxf6 23. Qxe4 Kf7 24. Qxb7+ Kg6 25. Rd3 Bc5 26. Rg3+ Kf5
27. Qf3+ Ke5 28. Qe2+ Kd6 29. Rd3+ Ke7 30. Rc3 Rb8 31. Rb3 Rd8 32. Rb5 Rd5 33.
Rxc5 Rxc5 34. h4 Ra5 35. c4 Re5 36. Qd2 Re4 37. c5 Rxh4 38. Qd6+ Kf7 39. c6 e5
40. Qd7+ Kg6 41. c7 Rd4 {Black resigns} 1-0

[Event "Team 45 45 League T24"]
[Site "Internet Chess Club"]
[Date "2004.09.24"]
[Round "3"]
[White "Traho"]
[Black "hotzoddy"]
[Result "1-0"]
[WhiteElo "1405"]
[BlackElo "1243"]
[TimeControl "2700+45"]

1. e4 e6 2. d4 d5 3. Nd2 Nf6 4. Bd3 c5 5. c3 Nc6 6. e5 Ne4 7. Nxe4 dxe4 8. Bxe4
Bd7 9. Nf3 cxd4 10. cxd4 Be7 11. O-O O-O 12. Be3 Rb8 13. a3 h6 14. Rc1 Rc8 15.
Rc3 Rc7 16. d5 exd5 17. Bxd5 a6 18. Bb6 Qc8 19. Bxc7 Qxc7 20. Nd4 Qxe5 21. Nxc6
bxc6 22. Bxc6 Bxc6 23. Rxc6 Qxb2 24. Rxa6 Bxa3 25. Qa1 Qxa1 26. Rxa1 Bb2 27. Rb1
Bf6 28. g3 Rd8 29. Rab6 Kh7 30. Rb8 Rd2 31. Rf1 Be5 32. Rb7 Kg6 33. Rb4 h5 34.
Rb6+ f6 35. Rc6 Kf5 36. Rc4 g5 37. Rc5 Ke6 38. Re1 h4 39. f4 hxg3 40. fxe5 gxh2+
41. Kh1 fxe5 42. Rcxe5+ Kf6 43. R5e2 Rd6 44. Rf1+ Kg6 45. Rxh2 Rf6 46. Rxf6+
Kxf6 47. Rg2 Kf5 48. Kh2 Kf4 49. Kh3 Kf5 50. Rf2+ Kg6 51. Kg4 Kh6 52. Rf6+ Kh7
53. Ra6 Kg7 54. Kxg5 Kf7 55. Kf5 Ke7 56. Re6+ Kd7 57. Kf6 Kc7 58. Ke7 Kc8 59.
Rd6 Kc7 60. Re6 Kc8 61. Kd6 Kb7 62. Kc5 Kc7 63. Rd6 Kb7 64. Rc6 Kb8 65. Kb6 Ka8
66. Rc8# {Black checkmated} 1-0

[Event "Team 45 45 League T24"]
[Site "Internet Chess Club"]
[Date "2004.09.23"]
[Round "3"]
[White "Mila-Reina"]
[Black "Ernesto-R"]
[Result "1-0"]
[WhiteElo "1079"]
[BlackElo "1135"]
[TimeControl "2700+45"]

1. e4 e5 2. Nf3 Nc6 3. d4 Nf6 4. Nc3 Bb4 5. Bd2 a6 6. Bc4 d6 7. Ng5 O-O 8. a3
Ba5 9. O-O Bd7 10. Be3 Ng4 11. Bd2 Kh8 12. Nxf7+ Rxf7 13. Bxf7 Nxd4 14. Bh5 Nf6
15. b4 Bb6 16. Bg5 Bc6 17. Nd5 Bxd5 18. exd5 Qf8 19. c3 Nf5 20. Qf3 g6 21. Bxf6+
Qxf6 22. Bg4 Qg7 23. Bxf5 gxf5 24. Qxf5 Rf8 25. Qc2 Rg8 26. g3 c6 27. dxc6 bxc6
28. Rae1 Bd8 29. Qe4 Bc7 30. Qxc6 Ra8 31. Qxa8+ Qg8 32. Qxa6 Qb8 33. Re4 Kg7 34.
Qd3 Kf6 35. Rh4 Bd8 36. Rxh7 Be7 37. Rh6+ Kf7 38. Qg6+ {Black resigns} 1-0

[Event "Team 45 45 League T24"]
[Site "Internet Chess Club"]
[Date "2004.09.27"]
[Round "3"]
[White "Grayth"]
[Black "Blake7"]
[Result "1-0"]
[WhiteElo "1418"]
[BlackElo "1462"]
[TimeControl "2700+45"]

1. e4 e5 2. Nf3 Nc6 3. Bc4 Be7 4. d3 Nf6 5. c3 d6 6. Nbd2 Na5 7. Qa4+ Nc6 8. Bb5
Bd7 9. Qd1 a6 10. Bc4 O-O 11. Nf1 Na5 12. Bb3 Nxb3 13. Qxb3 Bc6 14. Ng3 d5 15.
Nxe5 Qd6 16. Bf4 Qe6 17. O-O dxe4 18. dxe4 Nxe4 19. Nxe4 Bxe4 20. Rfe1 Qf5 21.
Bg3 b6 22. Qc4 Bd6 23. Qxe4 Qf6 24. Nd7 Qd8 25. Nxf8 Qxf8 26. Bxd6 cxd6 27. Rad1
Qd8 28. Qe7 Qc8 29. Rxd6 b5 30. Red1 {Black resigns} 1-0

[Event "Team 45 45 League T24"]
[Site "Internet Chess Club"]
[Date "2004.09.26"]
[Round "3"]
[White "peterts"]
[Black "disciple"]
[Result "0-1"]
[WhiteElo "1063"]
[BlackElo "1180"]
[TimeControl "2700+45"]

1. e4 e5 2. Nf3 Nc6 3. Bb5 Nf6 4. d3 Bc5 5. O-O h6 6. Bxc6 bxc6 7. Nxe5 Qe7 8.
Bf4 Bb7 9. Re1 d6 10. d4 dxe5 11. dxe5 Rd8 12. Qe2 Nd7 13. Qc4 Nxe5 14. Bxe5
Qxe5 15. Nc3 Rd4 16. Qe2 O-O 17. Nd1 Rd7 18. Ne3 Bd6 19. Ng4 Qe6 20. e5 Be7 21.
Qe3 Qxg4 22. e6 fxe6 23. Qxe6+ Qxe6 24. Rxe6 Bf6 25. Rae1 Kf7 26. g4 Re7 27.
Rxe7+ Bxe7 28. h4 Bxh4 29. Kg2 c5+ 30. Kh3 g5 31. f4 Re8 32. Rf1 Re3+ 33. Kh2
gxf4 34. Rxf4+ Ke7 35. c4 Bg5 36. Rf1 Bc8 37. Rg1 Bf4+ 38. Kh1 Bb7+ 39. Rg2
Bxg2+ 40. Kxg2 Bd6 41. Kf2 Re6 42. Kf3 a5 43. a4 c6 44. b3 Be5 45. Ke4 Bh2+ 46.
Kf3 Re5 47. Kg2 Bf4 48. Kf3 Bg5 49. Kg2 Ke6 50. Kf3 Kf6 51. Kg2 Re3 52. Kf1 Rxb3
53. Ke2 Ra3 54. Kf2 Rxa4 55. Kf3 Rxc4 56. Kg3 a4 57. Kf3 a3 {White resigns} 0-1